 Dungeon Crawl Stone Soup version 0.31-a0-202-g547052bce9 (webtiles) character file.

Game seed: 4566980129354208721

35 qw the Shooter (level 3, -1/20 HPs)
             Began as a Deep Elf Hunter on June 26, 2023.
             Killed from afar by a dart slug (2 damage)
             ... with a slug dart
             ... on level 2 of the Dungeon.
             The game lasted 00:00:19 (1032 turns).

qw the Shooter (Deep Elf Hunter)                    Turns: 1032, Time: 00:00:19

Health: -1/20      AC:  4    Str: 10    XL:     3   Next: 16%
Magic:  5/5        EV: 12    Int: 13    God:
Gold:   61         SH:  0    Dex: 18    Spells: 2/2 levels left

rFire   . . .        Y - +0 shortbow
rCold   . . .        (shield currently unavailable)
rNeg    . . .        c - +0 leather armour
rPois   .            (no helmet)
rElec   .            (no cloak)
rCorr   .            (no gloves)
SInv    .            h - +0 pair of boots
Will    .....        (no amulet)
Stlth   ++           (no ring)
HPRegen 0.23/turn    (no ring)
MPRegen 0.09/turn

%: no passive effects
@: no status effects
A: no striking features
a: no special abilities


You were on level 2 of the Dungeon.
You visited 1 branch of the dungeon, and saw 2 of its levels.

You collected 61 gold pieces.


   Skills:
 - Level 1.5 Fighting
 + Level 6.7 Ranged Weapons
 - Level 2.4 Dodging
 - Level 1.2 Stealth


You had 2 spell levels left.
You didn't know any spells.
Your spell library was empty.

Inventory:

Hand Weapons
 Y - a +0 shortbow (weapon)
Armour
 c - a +0 leather armour (worn)
 h - a +0 pair of boots (worn)
Scrolls
 a - a scroll of identify
Potions
 b - a potion of mutation {unknown}
 d - 3 potions of curing
 g - a potion of enlightenment {unknown}

Dungeon Overview and Level Annotations

Branches:
Dungeon (2/15)

Altars:


Message History

You shoot an arrow.
The arrow hits Terence but does no damage.
Terence is heavily wounded.
A goblin comes into view. It is wielding a +0 club.
Terence hits you with a +0 flail.
You shoot an arrow. The goblin shouts!
The arrow hits Terence but does no damage.
Terence is heavily wounded.
Terence misses you.
You shoot an arrow. The arrow closely misses Terence.
The arrow closely misses the goblin.
Terence hits you with a +0 flail.
You shoot an arrow. The arrow barely misses Terence.
The arrow barely misses the goblin.
Terence closely misses you.
You shoot an arrow. The arrow hits Terence.
Terence is severely wounded.
Terence barely misses you.
A dart slug comes into view.
Terence closely misses you.
You shoot an arrow. The arrow barely misses Terence.
The arrow hits the goblin.
The goblin is heavily wounded.
Terence hits you with a +0 flail.
You shoot an arrow. The arrow hits Terence.
Terence is almost dead.
The goblin hits you but does no damage. Terence hits you with a +0 flail.
You shoot an arrow.
The arrow hits Terence but does no damage.
Terence is almost dead.
The goblin hits you but does no damage. Terence closely misses you.
You shoot an arrow. The arrow hits Terence.
Terence is almost dead.
The goblin hits you with a +0 club. Terence hits you with a +0 flail.
You shoot an arrow. The arrow hits Terence.
You kill Terence!
The goblin barely misses you. The dart slug launches a dart at you.
The slug dart hits you.
You die...

..# ... .# #.# ... #
#.# #...#. #.#
......# #.#
.......##.#
...w..)@..###
#....#g##...##
##.###.#.....## ####
..........#######...
###...............##
##..<....#########
#.......######
##.....(.....######
####.#.###.......#


You could see a dart slug and a goblin.

Vanquished Creatures
  Terence (D:2)
  2 dart slugs
  3 bats (D:1)
  3 endoplasms (D:1)
  3 giant cockroaches (D:1)
  3 goblins (D:1)
  3 hobgoblins (D:1)
  2 quokkas (D:1)
  5 ball pythons (D:1)
  2 frilled lizards (D:1)
  A kobold (D:1)
  A rat (D:1)
29 creatures vanquished.

Notes
Turn   | Place    | Note
-------+----------+-------------------------------------------
     0 | D:1      | qw the Deep Elf Hunter began the quest for the Orb.
     0 | D:1      | Reached XP level 1. HP: 12/12 MP: 3/3
     0 | D:1      | 0 ||| qw: Version: 0.3-a-22-g0ed2b0b
     0 | D:1      | 0 ||| qw: Game counter: 5791
     0 | D:1      | 0 ||| qw: Melee chars always use a shield: true
     0 | D:1      | 0 ||| qw: God list: Okawaru
     0 | D:1      | 0 ||| qw: Allow faded altars: false
     0 | D:1      | 0 ||| qw: Do Orc after clearing Dungeon:15 true
     0 | D:1      | 0 ||| qw: Do second Lair branch before Depths: true
     0 | D:1      | 0 ||| qw: Lair rune preference: random
     0 | D:1      | 0 ||| qw: Goals: Normal
     0 | D:1      | 0 ||| PLANNING D:1-11
   146 | D:1      | Reached XP level 2. HP: 16/16 MP: 4/4
   151 | D:1      | Reached skill level 6 in Ranged Weapons
   618 | D:1      | Reached XP level 3. HP: 20/20 MP: 5/5
   846 | D:1      | 846 ||| UPGRADING to +0 pair of boots.
   851 | D:1      | 851 ||| READING 2 scrolls labelled ISKOGE DAMAI.
   852 | D:1      | 852 ||| READING scroll labelled NEFIMUECIO.
   855 | D:1      | 855 ||| DRINKING 2 fuming dark potions.
   856 | D:1      | 856 ||| DROPPING scroll of butterflies.
  1019 | D:2      | Noticed Terence
  1029 | D:2      | HP: 5/20 [Terence/+0 flail (3)]
  1031 | D:2      | HP: 1/20 [Terence/+0 flail (2)]
  1032 | D:2      | Killed Terence
  1032 | D:2      | Killed from afar by a dart slug

Levels and vault maps discovered:
D:1:      onia_arrival_mini_spirals, layout_basic
D:2:      minmay_inner_zag, layout_loops_cross, uniq_terence, uniq_natasha

Skill      XL: |  1  2 |
---------------+-------+-----
Ranged Weapons | 6 |  6.7
Fighting       | |  1.5
Dodging        | |  2.4
Stealth        | |  1.2

Action                     || total
---------------------------++-------
   Fire: Shortbow          ||    71
    Use: Scroll            ||     2
         Potion            ||     1
 Armour: Leather armour    ||     2
  Dodge: Dodged            ||    17

Table legend:
 A = Non-vault XP
 B = Vault XP
 C = Vault XP percentage of total XP
 D = Non-vault monster count
 E = Vault monster count
 F = Vault count percentage of total count
                 A         B        C        D         E       F
            +---------+---------+-------+---------+---------+-------
      Total |      50 |      36 |  41.9 |      28 |       1 |   3.4
            +---------+---------+-------+---------+---------+-------
        D:1 |      46 |       0 |   0.0 |      27 |       0 |   0.0
        D:2 |       4 |      36 |  90.0 |       1 |       1 |  50.0
            +---------+---------+-------+---------+---------+-------
